AoeStats
← Fatih

Nomad

510536143Analyzed
4v4 RM · 2d ago on Oct 1, 2026· 53m 44s· 8 players
Game mode
Random Map
Map size
231×231
Population
200
Speed
Normal
Resources
Standard
Victory
Conquest
Starting age
Dark Age
Ending age
Imperial Age
RankedLock teamsTeams togetherTeam positionsShared explorationLock speedFull tech treeHidden civsTurbo modeCheats
Victory
Defeat
🇺🇸 Varangians · United States
1180
+14
🇳🇴 Danes · Norway
1160
+15
🇬🇷 Mongols · Greece
1138
+16
🇫🇮 Italians · Finland
1105
+17
🇹🇷 Vietnamese · Türkiye
1242
-19
🇭🇰 Saxons · Hong Kong SAR China
1144
-16
🇹🇼 Celts · Taiwan
1113
-15
🇭🇰 Varangians · Hong Kong SAR China
1053
-12
dong
5:20 Loom
14:05 Feudal Age
14:40 Double-Bit Axe
16:53 Bloodlines
19:57 Scale Barding Armor
23:09 Castle Age
21:04 Fishing Lines
23:23 Stone Mining
23:26 Gold Mining
24:52 Forging
25:29 Horse Collar
26:15 Heavy Plow
31:57 Fletching
33:32 Bow Saw
37:50 Imperial Age
36:07 Light Cavalry
38:15 Wheelbarrow
38:23 Iron Casting
38:09 Chain Barding Armor
38:02 Husbandry
39:06 Conscription
40:32 Blast Furnace
41:01 Plate Barding Armor
40:11 Gothikon
42:12 Elite Jarl
46:06 Ballistics
48:03 Hand Cart
HyenHks
14:06 Feudal Age
14:45 Double-Bit Axe
18:11 Forging
21:12 Loom
22:04 Wheelbarrow
22:31 Fletching
26:03 Castle Age
27:02 Medium Warships
27:22 Bow Saw
31:49 Fishing Lines
33:17 Horse Collar
37:51 Gold Mining
38:13 Gillnets
42:27 Imperial Age
40:58 Hand Cart
43:16 Imperial Age
40:36 Town Watch
40:49 Bodkin Arrow
42:13 Clinker Construction
44:39 Conscription
44:15 Onager
45:55 Pikeman
50:13 Chemistry
49:09 Elite Skirmisher
50:14 Halberdier
50:55 Squires
50:40 Gambesons
51:04 Squires
50:25 Halberdier
51:11 Bracer
51:12 Padded Archer Armor
52:38 Gambesons
waatwat
11:10 Loom
14:14 Feudal Age
14:25 Feudal Age
19:04 Castle Age
19:25 Castle Age
17:56 Double-Bit Axe
19:05 Stone Mining
18:59 Horse Collar
19:11 Gold Mining
25:16 Padded Archer Armor
27:54 Fletching
28:20 Leather Archer Armor
29:36 Bow Saw
29:28 Heavy Plow
29:27 Bodkin Arrow
35:32 Imperial Age
34:41 Ballistics
35:29 Scale Mail Armor
35:39 Forging
37:19 Chemistry
38:27 Wheelbarrow
37:39 Town Watch
38:09 Man-at-Arms
38:54 Bracer
39:24 Ring Archer Armor
39:38 Long Swordsman
40:18 Squires
39:47 Elite Genoese Crossbowman
43:41 Hand Cart
44:39 Conscription
51:48 Bombard Tower
51:38 Masonry
54:09 Town Patrol
gpal23
7:26 Loom
16:44 Feudal Age
17:20 Horse Collar
22:27 Castle Age
20:24 Double-Bit Axe
26:19 Fletching
27:27 Heavy Plow
27:45 Bodkin Arrow
29:19 Padded Archer Armor
30:49 Ballistics
32:08 Wheelbarrow
33:51 Hand Cart
39:09 Imperial Age
36:47 Thumb Ring
37:32 Stone Mining
37:34 Gold Mining
38:10 Leather Archer Armor
38:00 Scale Barding Armor
38:07 Forging
38:33 Caravan
39:16 Gold Shaft Mining
40:58 Elite Steppe Lancer
41:49 Bloodlines
41:40 Husbandry
41:07 Elite Mangudai
42:08 Conscription
42:33 Iron Casting
44:01 Bracer
45:02 Blast Furnace
47:18 Hoardings
48:13 Chain Barding Armor
49:56 Bow Saw
49:49 Squires
49:34 Arson
49:51 Scale Mail Armor
53:23 Siege Engineers
54:19 Chemistry
Fatih
4:50 Loom
12:50 Feudal Age
13:29 Double-Bit Axe
22:24 Castle Age
23:38 Bow Saw
23:45 Medium Warships
24:30 Demolition Ship
26:21 Fishing Lines
27:44 Stone Mining
28:28 Gold Mining
28:24 Horse Collar
29:54 Stone Shaft Mining
29:46 Ballistics
30:22 Heavy Plow
33:39 Wheelbarrow
33:12 Fletching
34:15 Bodkin Arrow
35:03 Padded Archer Armor
35:36 Hand Cart
35:46 Thumb Ring
36:54 Leather Archer Armor
36:48 Town Watch
40:56 Imperial Age
41:00 Elite Rattan Archer
41:50 Bracer
42:54 Chemistry
41:38 Treadmill Crane
42:32 Ring Archer Armor
42:07 Scale Barding Armor
42:15 Forging
42:18 Bloodlines
42:08 Husbandry
45:55 Chain Barding Armor
46:11 Iron Casting
47:00 Two-Man Saw
49:06 Paper Money
51:30 Plate Barding Armor
51:51 Masonry
51:48 Siege Engineers
bbu913
3:37 Loom
15:09 Feudal Age
15:39 Double-Bit Axe
16:42 Fishing Lines
17:24 Gold Mining
20:10 Castle Age
19:05 Horse Collar
21:11 Bow Saw
22:44 Medium Warships
22:50 Gillnets
23:44 Fletching
25:04 Town Watch
26:58 Wheelbarrow
26:00 Pikeman
27:11 Scale Mail Armor
27:50 Bodkin Arrow
28:27 Hand Cart
29:02 Heavy Plow
30:04 Forging
34:07 Imperial Age
31:24 Gambesons
33:15 Iron Casting
34:09 Ballistics
33:48 Arson
34:53 Chain Mail Armor
34:33 Stone Mining
35:33 Heavy Warships
34:57 Man-at-Arms
36:49 Gold Shaft Mining
36:49 Stone Shaft Mining
35:47 Long Swordsman
35:50 Heavy Scorpion
37:07 Fortified Wall
36:37 Halberdier
38:57 Blast Furnace
38:27 Plate Mail Armor
39:35 Conscription
39:26 Siege Engineers
40:21 Chemistry
39:11 Capped Ram
39:59 Scale Barding Armor
39:51 Two-Handed Swordsman
41:02 Light Cavalry
41:43 Husbandry
42:31 Plate Mail Armor
42:21 Chain Barding Armor
41:48 Hussar
43:30 Chemistry
42:22 Stronghold
45:46 Elite Woad Raider
47:09 Champion
49:33 Elite Skirmisher
50:14 Imperial Skirmisher
51:44 Padded Archer Armor
51:07 Cavalier
52:09 Furor Celtica
Ncall
7:18 Loom
14:50 Feudal Age
19:11 Castle Age
18:19 Fishing Lines
18:55 Double-Bit Axe
19:06 Stone Mining
20:07 Gold Mining
26:24 Gillnets
28:35 Wheelbarrow
29:38 Bow Saw
30:37 Ballistics
32:48 Imperial Age
33:01 Town Watch
34:56 Scale Barding Armor
35:03 Forging
37:31 Conscription
37:35 Chain Barding Armor
37:51 Iron Casting
39:31 Plate Barding Armor
42:21 Blast Furnace
41:42 Bloodlines
41:29 Elite Jarl
42:20 Husbandry
42:55 Fletching
42:28 Cavalier
42:55 Treadmill Crane
44:35 Bodkin Arrow
44:57 Hand Cart
44:57 Siege Engineers
45:53 Chemistry
47:04 Town Patrol
46:30 Gothikon
47:51 Bracer
RicMyName
5:26 Loom
13:36 Feudal Age
14:13 Feudal Age
15:36 Double-Bit Axe
20:05 Castle Age
18:18 Horse Collar
25:57 Scale Mail Armor
25:58 Squires
48:49 Wheelbarrow
48:06 Town Watch
48:33 Bow Saw
48:24 Pikeman
49:36 Heavy Plow
51:41 Chain Mail Armor
53:01 Forging
Connection lost

Rejoining the realm…

Still unreachable

The connection could not be restored.

Session expired

The server has moved on; the page needs a fresh start.